 Dungeon Crawl Stone Soup version 0.27.1-4-g1640c2035a (webtiles) character file.

Game seed: 5078458481345698591

227 Elvor the Conjurer (level 5, -7/41 HPs)
             Began as a Draconian Conjurer on Nov 2, 2021.
             Mangled by Pikel (16 damage)
             ... on level 4 of the Dungeon.
             The game lasted 00:26:20 (3100 turns).

Elvor the Conjurer (Draconian Conjurer)             Turns: 3100, Time: 00:26:21

Health: -7/41      AC:  6    Str:  9    XL:     5   Next: 70%
Magic:  1/9        EV: 12    Int: 20    God:
Gold:   117        SH:  0    Dex:  9    Spells: 6/9 levels left

rFire    . . .     SeeInvis .   e - +0 dagger
rCold    . . .     Faith    .   (no shield)
rNeg     . . .     Spirit   .   (armour unavailable)
rPois    .         Reflect  .   k - +1 hat
rElec    .         Harm     .   (no cloak)
rCorr    .         Rampage  .   (no gloves)
Will     .....                  (no boots)
Stlth    ++........             (no amulet)
HPRegen  0.13/turn              q - ring of wizardry
MPRegen  0.11/turn              (no ring)

@: no status effects
A: AC +5, unfitting armour, cold-blooded
a: no special abilities


You were on level 4 of the Dungeon.
You visited 1 branch of the dungeon, and saw 4 of its levels.
You also visited: Ossuary.

You collected 117 gold pieces.

Inventory:

Hand Weapons
 e - a +0 dagger (weapon)
 o - a +0 hunting sling
Missiles
 a - 33 sling bullets
 c - 20 poisoned darts
 p - 43 stones
Armour
 k - a +1 hat (worn)
 x - a scarf of shadows
Jewellery
 q - a ring of wizardry (left hand)
Scrolls
 d - 2 scrolls of immolation {unknown}
 h - a scroll of enchant weapon {unknown}
 i - 8 scrolls of noise
 j - 2 scrolls of amnesia {unknown}
 m - 3 scrolls of teleportation
 n - a scroll of magic mapping {unknown}
 r - a scroll of vulnerability {unknown}
 u - a scroll of enchant armour {unknown}
 v - a scroll of fog {unknown}
Potions
 b - 2 potions of curing
 f - 4 potions of heal wounds
 g - 6 potions of degeneration
 l - 2 potions of attraction
 s - a potion of resistance {unknown}
 t - 2 potions of mutation
 w - 2 potions of haste


   Skills:
 * Level 2.2 Fighting
 + Level 1.8 Short Blades
 + Level 1.0 Throwing
 + Level 2.3 Dodging
 + Level 2.1 Stealth
 + Level 2.7 Spellcasting
 + Level 5.2 Conjurations


You had 6 spell levels left.
You knew the following spells:

 Your Spells              Type           Power      Damage    Failure   Level
a - Magic Dart            Conj           92%        1d7       1%          1
b - Searing Ray           Conj           46%        3d4       1%          2

Your spell library contained the following spells:

 Spells                   Type           Power      Damage    Failure   Level
 Dazzling Flash           Conj/Hex       26%        N/A       6%          3
 Gell's Gravitas          Tloc           1%         N/A       17%         3
 Lesser Beckoning         Tloc           1%         N/A       17%         3
 Teleport Other           Tloc           2%         N/A       17%         3
 Fulminant Prism          Conj/Hex       6%         3d7       21%         4
 Iskenderun's Mystic Bla  Conj/Tloc      13%        2d5       21%         4
 Cause Fear               Hex            1%         N/A       47%         4
 Dragon Form              Tmut           1%         N/A       100%        7
 Dragon's Call            Summ           1%         N/A       100%        9


Dungeon Overview and Level Annotations

Branches:
Dungeon (4/15)            Ossuary (visited)
 Temple: D:4-7

Altars:
Hepliaklqana
Trog
Wu Jian

Annotations:
D:4 Pikel


Innate Abilities, Weirdness & Mutations

Your plain brown scales are hard. (AC +5)
You cannot fit into any form of body armour.
You are cold-blooded and may be slowed by cold attacks.


Message History

x - a scarf of shadows
Found a scroll of teleportation.
m - 3 scrolls of teleportation (gained 1)
An endoplasm comes into view.
Aiming: Searing Ray (safe; 1% risk of failure)
Press: ? - help, Q - select action, (/) - cycle Shift-Dir - straight line, f - Pikel
Aim: Pikel, wielding a +0 whip of electrocution and wearing a +0 robe (72% to hit)
The searing ray misses Pikel. (Press . to maintain the ray.)
The lemure shouts!
The endoplasm quivers.
You hear a shout! x2; You hear an angry hiss.
A lemure comes into view.
Pikel drinks a potion.
Pikel seems to speed up.
The searing ray misses Pikel.
The searing ray hits the lemure.
The lemure is lightly wounded.
The searing ray misses Pikel.
Pikel hits you with a +0 whip of electrocution.
You are electrocuted!
The searing ray misses Pikel.
The searing ray hits the endoplasm!
You kill the endoplasm!
You finish channeling your searing ray.
Pikel hits you but does no damage.
Pikel says, "All the demons know me.
They respect me."
Pikel hits you with a +0 whip of electrocution.
Aiming: Searing Ray (safe; 1% risk of failure)
Press: ? - help, Q - select action, (/) - cycle Shift-Dir - straight line, f/p - Pikel
Aim: Pikel, wielding a +0 whip of electrocution and wearing a +0 robe (fast, 72% to hit)
The searing ray hits Pikel!
Pikel is lightly wounded.
The searing ray hits the lemure!
The lemure is moderately wounded. (Press . to maintain the ray.) Pikel hits you with a +0 whip of electrocution!
The searing ray hits Pikel!
Pikel is heavily wounded.
The searing ray misses the lemure.
Pikel completely misses you.
Pikel hits you with a +0 whip of electrocution.
* * * LOW HITPOINT WARNING * * *
You are electrocuted!
You die...

#.#.#..#....#.#.............
#.#.#..###..###..........#..
#..........................#
##.#.######..##............#
#................#........#
#######...##..####........#
#...###..##..##.....#
##..###.<##..........
#..@K5...รท..........
#..##5..............
####.........#......
...........#......
.....#.............
....###........#.... #.##
.........#..## ..#


You could see Pikel (fast) and 2 lemures.

Vanquished Creatures
  A centaur zombie (Ossuary)
  A human zombie (Ossuary)
  4 mummies (Ossuary)
  Robin (D:2)
  3 adders
  2 worms (D:2)
  A dart slug (D:2)
  9 endoplasms
  3 giant cockroaches
  9 goblins
  11 hobgoblins
  4 jackals (D:3)
  A quokka (D:2)
  5 ball pythons
  2 bats (D:2)
  4 frilled lizards (D:1)
  A gnoll zombie (Ossuary)
  3 goblin zombies (Ossuary)
  A hobgoblin zombie (Ossuary)
  An orc zombie (Ossuary)
  2 rats
69 creatures vanquished.

Vanquished Creatures (others)
  8 plants (D:3)
8 creatures vanquished.

Grand Total: 77 creatures vanquished

Notes
Turn   | Place    | Note
-------+----------+-------------------------------------------
     0 | D:1      | Elvor the Draconian Conjurer began the quest for the Orb.
     0 | D:1      | Reached XP level 1. HP: 14/14 MP: 3/3
   472 | D:1      | Reached XP level 2. HP: 20/20 MP: 0/5
   475 | D:1      | Learned a level 2 spell: Searing Ray
   700 | D:1      | Found a faded altar of an unknown god.
  1086 | D:2      | Reached XP level 3. HP: 10/27 MP: 0/6
  1254 | D:2      | Reached skill level 1 in Fighting
  1357 | D:2      | Noticed Robin
  1368 | D:2      | Killed Robin
  1384 | D:2      | Reached XP level 4. HP: 34/35 MP: 1/7
  1605 | D:3      | Found a hazy altar of Hepliaklqana.
  1896 | D:3      | Found a bloodstained altar of Trog.
  1983 | D:3      | Found an ornate altar of the Wu Jian Council.
  1989 | D:3      | Noticed a spectral centipede
  1989 | D:3      | Noticed a spectral black mamba
  1989 | D:3      | Noticed a spectral cane toad
  2369 | D:4      | Noticed Pikel
  2369 | D:4      | Noticed a lemure
  2370 | D:4      | Noticed a lemure
  2370 | D:4      | Noticed a lemure
  2372 | D:4      | Reached skill level 5 in Conjurations
  2409 | D:4      | Found a sand-covered staircase.
  2437 | Ossuary  | Entered an ossuary
  2458 | Ossuary  | Reached skill level 1 in Short Blades
  2517 | Ossuary  | Reached skill level 1 in Throwing
  2517 | Ossuary  | Reached XP level 5. HP: 18/41 MP: 0/8
  3095 | D:4      | Noticed a lemure
  3100 | D:4      | Mangled by Pikel

Illustrated notes

Levels and vault maps discovered:
D:1:      amcnicky_arrival_single_pillar, layout_basic,
          hellmonk_ecumenical_altar_heavens_door, grunt_decor_arrowhead,
          chequers_serial_rivers_small_b, nrook_mini_vaults, minivault_27
D:2:      layout_basic, uniq_robin
D:3:      layout_loops_corners, pdpol_wu_jian_five_deadly_venoms,
          nicolae_hepliaklqana_hazy_memory, lightli_temple_of_fire,
          wad_floor_pattern_2
D:4:      layout_cave_pools, nicolae_overflow_quartered_altars,
          nicolae_ossuary_entry_false_entrances, minmay_misc_feat_nine_boxes,
          uniq_pikel

Skill      XL: |  1  2  3  4  5 |
---------------+----------------+-----
Fighting       | 1 2 |  2.2
Dodging        | 2 |  2.3
Conjurations   | 5 |  5.2
Short Blades   | 1 |  1.8
Throwing       | 1 |  1.0
Stealth        | 2 |  2.1
Spellcasting   | |  2.7

Action                   |  1- 3 |  4- 6 || total
-------------------------+-------+-------++-------
Melee: Unarmed           |     3 |       ||     3
       Dagger            |    25 |    88 ||   113
       Tailslap          |     4 |    10 ||    14
Throw: Dart              |    13 |     6 ||    19
 Cast: Magic Dart        |    52 |    34 ||    86
       Searing Ray       |     5 |    14 ||    19
  Use: Scroll            |       |     5 ||     5
 Stab: Distracted        |       |     1 ||     1
Armor: Skin              |    11 |    51 ||    62
Dodge: Dodged            |    25 |    64 ||    89
